 Dungeon Crawl Stone Soup version 0.26-a0-752-gcff87cac9a (webtiles) character file.

Game seed: 1561086665344334649

2860 2tc the Cleaver (level 9, -5/68 HPs)
             Began as a Deep Dwarf Necromancer on Nov 6, 2020.
             Was a Believer of Kikubaaqudgha.
             Slain by a wyvern zombie (8 damage)
             ... on level 8 of the Dungeon.
             The game lasted 00:56:27 (9044 turns).

2tc the Cleaver (Deep Dwarf Necromancer)            Turns: 9044, Time: 00:56:29

Health: -5/68      AC:  5    Str: 14    XL:     9   Next: 47%
Magic:  1/10       EV: 12    Int: 19    God:    Kikubaaqudgha [**....]
Gold:   388        SH:  0    Dex: 13    Spells: 4/13 levels left

rFire    . . .     SeeInvis .   d - +2 hand axe (venom)
rCold    + . .     Faith    .   (no shield)
rNeg     . . .     Spirit   .   u - +0 leather armour
rPois    .         Reflect  .   (helmet restricted)
rElec    .         Harm     .   (no cloak)
rCorr    +         Rampage  .   (no gloves)
MR       +....     Clarity  +   v - +1 pair of boots
Stlth    ++........             x - amulet of magic regeneration
HPRegen  0.00/turn              h - ring of protection from cold
MPRegen  0.37/turn              y - ring of resist corrosion

@: non-regenerating
A: damage resistance, heal wounds, antennae 1, clarity, clever 1, sense
surroundings 2, no regeneration
a: Heal Wounds, Receive Corpses, Renounce Religion


You were on level 8 of the Dungeon.
You worshipped Kikubaaqudgha.
Kikubaaqudgha was pleased with you.
You visited 2 branches of the dungeon, and saw 9 of its levels.

You collected 388 gold pieces.

Inventory:

Hand Weapons
 d - a +2 hand axe of venom (weapon)
 G - a +1 war axe of draining
Missiles
 n - 258 stones (quivered)
 z - 5 boomerangs
Armour
 a - a +0 robe
 k - a +0 ring mail
 u - a +0 leather armour (worn)
 v - a +1 pair of boots (worn)
 H - a +2 helmet
Magical Staves
 D - an uncursed staff of cold
Jewellery
 h - a ring of protection from cold (left hand)
 x - an amulet of magic regeneration (around neck)
 y - a ring of resist corrosion (right hand)
Wands
 A - a wand of paralysis (12)
 E - a wand of flame (27)
 F - a wand of disintegration (7)
Scrolls
 j - 6 scrolls of remove curse
 m - 5 scrolls of teleportation
 w - a scroll of enchant weapon
 C - a scroll of fog
Potions
 c - a potion of curing
 i - 2 potions of berserk rage
 l - 2 potions of resistance


   Skills:
 * Level 10.3 Axes
 - Level 3.0 Armour
 - Level 2.1 Dodging
 - Level 2.4 Stealth
 - Level 2.5 Spellcasting
 - Level 10.0 Necromancy


You had 4 spell levels left.
You knew the following spells:

 Your Spells              Type           Power        Failure   Level
a - Pain                  Necr           ####         1%          1
b - Vampiric Draining     Necr           #####.....   1%          3
c - Agony                 Necr           #####...     9%          5

Your spell library contained the following spells:

 Spells                   Type           Power        Failure   Level
 Animate Skeleton         Necr           #####.       1%          1
 Sublimation of Blood     Necr           #####.....   1%          2
 Animate Dead             Necr           #####.....   3%          4


Dungeon Overview and Level Annotations

Branches:
Dungeon (8/15)             Temple (1/1) D:5
   Lair: D:8-11

Altars:
Ashenzari
Cheibriados
Dithmenos
Elyvilon
Fedhas
Gozag
Hepliaklqana
Kikubaaqudgha
Makhleb
Nemelex Xobeh
Okawaru
Qazlal
Ru
Sif Muna
Trog
Uskayaw
Vehumet
Wu Jian
Xom
Yredelemnul
Zin
The Shining One

Annotations:
D:4 Grinder
D:6 exclusion: phantom


Innate Abilities, Weirdness & Mutations

You are resistant to damage.
You can heal yourself by infusing magical energy.
You passively map the area around you.
You do not regenerate.
You have a pair of small antennae on your head.
You possess an exceptional clarity of mind.
Your mind is acute. (Int +2)


Message History

Kikubaaqudgha accepts your kill. The wyvern zombie bites you.
You slash the wyvern zombie!
The wyvern zombie is severely damaged.
The wyvern zombie bites you.
You hit the wyvern zombie.
The wyvern zombie is severely damaged.
The wyvern zombie completely misses you.
You barely miss the wyvern zombie.
The wyvern zombie is severely damaged.
The wyvern zombie bites you!
* * * LOW HITPOINT WARNING * * *
You completely miss the wyvern zombie.
The wyvern zombie is severely damaged.
The orc priest calls down the wrath of Beogh upon you.
Beogh smites you!
* * * LOW HITPOINT WARNING * * *
The wyvern zombie bites you!
You die...
Kikubaaqudgha rasps: "You have failed me!
Welcome... death!"

, , ##...... #.........K.*
### ###.... ........K.
##.### ##... #..KKK...
##....## #### #....K.. ,
##......## #.....
##........# #..{ *
##...>.....#
#.†#######.........#######
#..>.o(Z@................
##......))................
#..#######################
#.## # #..* # *#... #
#.... , ###### ......,
#..... *......., ,* #.....


You could see an orc priest and a wyvern zombie.

Vanquished Creatures
  Sigmund (D:4)
  Menkaure (D:7)
  Eustachio (D:4)
  3 orc warriors
  2 ice beasts
  A sky beast (D:5)
  A centaur (D:5)
  A big kobold (D:8)
  Blork the orc (D:5)
  5 bullfrogs
  2 scorpions (D:4)
  4 wights (D:7)
  2 bullfrog zombies (D:6)
  2 hounds
  5 orc priests
  7 orc wizards
  3 bullfrog skeletons
  2 centaur skeletons
  An iguana (D:6)
  Natasha (thrice) (D:3)
  4 worker ants
  2 howler monkey zombies (D:6)
  A gnoll (D:1)
  6 adders
  6 white imps
  4 ufetubi
  3 adder skeletons
  3 worms
  2 dart slugs
  A leopard gecko (D:2)
  32 orcs
  6 ball pythons
  6 giant cockroaches
  5 goblins (D:3)
  7 hobgoblins
  8 jackals
  10 kobolds
  9 quokkas
  4 bats
  3 frilled lizards
  A jackal zombie (D:5)
  8 rats
179 creatures vanquished.

Vanquished Creatures (others)
  3 plants (D:8)
3 creatures vanquished.

Grand Total: 182 creatures vanquished

Notes
Turn   | Place    | Note
-------+----------+-------------------------------------------
     0 | D:1      | 2tc the Deep Dwarf Necromancer began the quest for the Orb.
     0 | D:1      | Reached XP level 1. HP: 15/15 MP: 3/3
   546 | D:1      | Reached XP level 2. HP: 20/22 MP: 2/4
   652 | D:1      | Reached skill level 5 in Necromancy
  1303 | D:2      | Reached XP level 3. HP: 15/28 MP: 3/5
  1683 | D:2      | Learned a level 3 spell: Vampiric Draining
  2397 | D:3      | Noticed Natasha
  2706 | D:3      | Reached XP level 4. HP: 23/36 MP: 1/7
  2888 | D:3      | Reached skill level 1 in Axes
  3208 | D:3      | Reached XP level 5. HP: 26/42 MP: 5/8
  3263 | D:3      | Learned a level 5 spell: Agony
  3523 | D:3      | Killed Natasha
  3558 | D:3      | Noticed Natasha
  3563 | D:3      | Killed Natasha
  3823 | D:3      | Noticed Natasha
  3830 | D:3      | Killed Natasha
  4035 | D:4      | Noticed Grinder
  4084 | D:4      | Noticed Eustachio
  4101 | D:4      | Killed Eustachio
  4101 | D:4      | Reached XP level 6. HP: 27/49 MP: 0/9
  4431 | D:4      | Found a glowing silver altar of Zin.
  4447 | D:4      | Found a shimmering altar of Xom.
  4451 | D:4      | Found a shimmering altar of Xom.
  4451 | D:4      | Found a shimmering altar of Xom.
  4452 | D:4      | Found a shimmering altar of Xom.
  4535 | D:4      | Found a shimmering altar of Xom.
  4535 | D:4      | Found a shimmering altar of Xom.
  4700 | D:4      | Noticed Sigmund
  4708 | D:4      | Killed Sigmund
  4708 | D:4      | Reached XP level 7. HP: 43/55 MP: 0/10
  4955 | D:5      | Entered Level 5 of the Dungeon
  5270 | D:5      | Noticed Blork the orc
  5285 | D:5      | Killed Blork the orc
  5375 | D:5      | Reached skill level 10 in Necromancy
  5595 | D:5      | Reached XP level 8. HP: 39/62 MP: 2/11
  5634 | D:5      | Found a staircase to the Ecumenical Temple.
  5645 | Temple   | Entered the Ecumenical Temple
  5678 | Temple   | Became a worshipper of Kikubaaqudgha
  5986 | D:5      | Found a radiant altar of Vehumet.
  6283 | D:6      | Reached skill level 5 in Axes
  6577 | D:6      | Reached * piety under Kikubaaqudgha
  6577 | D:6      | Identified Kikubaaqudgha's Volume of Evil (Kikubaaqudgha
                  | gifted it to you on level 6 of the Dungeon)
  6577 | D:6      | Received a gift from Kikubaaqudgha
  7366 | D:7      | Gained mutation: You passively map the area around you.
                  | [Deep Dwarf growth]
  7366 | D:7      | Reached XP level 9. HP: 29/68 MP: 2/12
  7580 | D:7      | Noticed Menkaure
  7831 | D:7      | Reached ** piety under Kikubaaqudgha
  7835 | D:7      | Reached skill level 1 in Armour
  8424 | D:7      | Killed Menkaure
  8614 | D:7      | Gained mutation: You possess an exceptional clarity of
                  | mind. [potion of mutation]
  8614 | D:7      | Gained mutation: Your mind is acute. (Int +2) [potion of
                  | mutation]
  8614 | D:7      | Gained mutation: You have a pair of small antennae on your
                  | head. [potion of mutation]
  8851 | D:8      | Reached skill level 10 in Axes
  8921 | D:8      | Noticed a two-headed ogre
  9021 | D:8      | HP: 3/68 [bullfrog (3)]
  9044 | D:8      | HP: 3/68 [orc priest/divine providence (11)]
  9044 | D:8      | Slain by a wyvern zombie

Illustrated notes

Levels and vault maps discovered:
D:1:      wheals_arrival_shading, layout_basic, hex_large
D:2:      layout_loops_corners
D:3:      layout_rooms, hangedman_abyss_or_decor_stabs, uniq_natasha
D:4:      layout_cave_pools, lemuel_doored_altar, xom_redecorated, uniq_grinder,
          uniq_eustachio, uniq_sigmund
D:5:      layout_cave_pools, temple_green, basic_altar, minmay_strange_pillars,
          uniq_blork_the_orc
D:6:      layout_loops_ring, nrook_pool_corridor
D:7:      layout_basic, minmay_circle_x, uniq_menkaure
D:8:      kennysheep_housing_project, layout_cave_pods,
          chequers_ossuary_entry_cave, nicolae_ru_great_annihilating_truth
Temple:   minmay_crystal_snake_temple

Skill      XL: |  1  2  3  4  5  6  7  8  9 |
---------------+----------------------------+-----
Necromancy     | 5 6 8 9 10 | 10.0
Spellcasting   | 2 |  2.5
Axes           | 1 4 8 10 | 10.3
Armour         | 3 |  3.0
Dodging        | |  2.1
Stealth        | |  2.4

Action                   |  1- 3 |  4- 6 |  7- 9 || total
-------------------------+-------+-------+-------++-------
Melee: Unarmed           |    12 |       |       ||    12
       Club              |    15 |       |       ||    15
       Whip              |    61 |       |       ||    61
       Hand axe          |     4 |    27 |   303 ||   334
       War axe           |       |       |     2 ||     2
Throw: Stone             |     3 |    12 |    22 ||    37
 Cast: Pain              |    90 |    45 |    20 ||   155
       Vampiric Draining |       |    15 |   102 ||   117
       Agony             |       |       |     2 ||     2
 Abil: Heal Wounds       |     2 |       |     3 ||     5
Evoke: Wand              |       |       |     8 ||     8
  Use: Scroll            |     7 |     2 |     5 ||    14
       Potion            |       |       |    13 ||    13
 Stab: Sleeping          |     1 |       |     3 ||     4
       Distracted        |       |       |     1 ||     1
Armor: Robe              |    14 |     5 |    29 ||    48
       Leather armour    |       |       |    65 ||    65
Dodge: Dodged            |    72 |    19 |   234 ||   325

Table legend: (Time is in decaauts)
 A = Elapsed time spent in this place.
 B = Non-inter-level travel time spent in this place.
 C = Inter-level travel time spent in this place.
 D = Time resting spent in this place.
 E = Time spent auto-exploring this place.
 F = Levels seen in this place.
 G = Mean time per level.
                   A        B        C        D        E       F      G
               +--------+--------+--------+--------+--------+-----+--------+
         Total |   9066 |   8463 |    603 |   2205 |   3605 |   9 | 1007.3 |
       Dungeon |   8880 |   8287 |    593 |   2205 |   3463 |   8 | 1110.0 |
        Temple |    185 |    175 |     10 |      0 |    142 |   1 |  185.0 |
               +--------+--------+--------+--------+--------+-----+--------+

Top non-repeatable levels by time:
     D:3: 1791 daAuts
     D:7: 1417 daAuts
     D:6: 1277 daAuts
     D:2: 1268 daAuts
     D:1: 1149 daAuts
     D:4: 995 daAuts
     D:5: 761 daAuts
     D:8: 218 daAuts
  Temple: 185 daAuts
